 Dungeon Crawl Stone Soup version 0.26-a0-651-gb41185065b (webtiles) character file.

Game seed: 1430423866429170546

3579 Lanoc the Covert (level 10, 0/57 HPs)
             Began as a Kobold Brigand on Oct 25, 2020.
             Was a Believer of Hepliaklqana.
             Slain by a hippogriff (9 damage)
             ... on level 9 of the Dungeon.
             The game lasted 00:15:37 (10194 turns).

Lanoc the Covert (Kobold Brigand)                  Turns: 10194, Time: 00:15:38

Health: 0/57       AC:  4    Str:  8    XL:     10   Next: 31%
Magic:  19/19      EV: 22    Int: 13    God:    Hepliaklqana [**....]
Gold:   440        SH:  0    Dex: 20    Spells: 9/9 levels left

rFire    . . .     SeeInvis .   a - +2 dagger
rCold    . . .     Faith    +   (shield restricted)
rNeg     . . .     Spirit   .   b - +0 robe
rPois    +         Reflect  .   (no helmet)
rElec    +         Harm     .   c - +1 cloak
rCorr    .         Rampage  .   (no gloves)
MR       +....                  (no boots)
Stlth    +++++++...             e - amulet of faith
HPRegen  0.19/turn              j - ring of magical power
MPRegen  0.16/turn              l - ring "Aghoxet" {+Inv +Fly rElec rPois MR+}

@: no status effects
A: small, reduced essence, nightstalker 3
a: Recall Ancestor, Ancestor Identity, Renounce Religion, Evoke Invisibility,
Evoke Flight


You were on level 9 of the Dungeon.
You worshipped Hepliaklqana.
Hepliaklqana was pleased with you.
You visited 2 branches of the dungeon, and saw 10 of its levels.
You also visited: Sewer.

You collected 440 gold pieces.

Inventory:

Hand Weapons
 a - a +2 dagger (weapon)
Missiles
 d - 13 poisoned darts (quivered)
Armour
 b - a +0 robe (worn)
 c - a +1 cloak (worn)
Jewellery
 e - an amulet of faith (around neck)
 j - a ring of magical power (left hand)
 l - the ring "Aghoxet" (right hand) {+Inv +Fly rElec rPois MR+}
   (You found it in a sewer)

   [ring of flight]

   It insulates you from electricity.
   It protects you from poison.
   It affects your resistance to hostile enchantments.
   It lets you turn invisible.
   It lets you fly.
 x - a cursed amulet of inaccuracy {unknown}
Wands
 u - a wand of random effects (28)
 v - a wand of iceblast (4)
 y - a wand of flame (16)
Scrolls
 f - 5 scrolls of identify
 h - 5 scrolls of teleportation
 i - a scroll of fog
 m - 3 scrolls of magic mapping
 o - 3 scrolls of blinking
 p - 3 scrolls of enchant armour
 r - a scroll of fear
 w - 3 scrolls of remove curse
Potions
 g - 4 potions of heal wounds
 k - a potion of haste {unknown}
 n - a potion of might
 q - 2 potions of curing
 s - a potion of flight {unknown}
 t - 2 potions of stabbing {unknown}
 z - 2 potions of ambrosia {unknown}


   Skills:
 + Level 8.0 Fighting
 - Level 2.6 Short Blades
 - Level 2.1 Throwing
 + Level 8.5 Dodging
 * Level 14.4 Stealth


You had 9 spell levels left.
You didn't know any spells.
Your spell library contained the following spells:

 Spells                   Type           Power        Failure   Level
 Beastly Appendage        Tmut           #.....       30%         1
 Wereblood                Tmut           #.......     43%         2
 Spider Form              Tmut/Pois      #.........   67%         3
 Ice Form                 Ice/Tmut       #.......     97%         4
 Blade Hands              Tmut           #.........   100%        5


Dungeon Overview and Level Annotations

Branches:
Dungeon (9/15)             Temple (1/1) D:7           Sewer (visited)
   Lair: D:8-11         Orc: D:9-12

Altars:
Ashenzari
Cheibriados
Dithmenos
Elyvilon
Fedhas
Gozag
Hepliaklqana
Kikubaaqudgha
Makhleb
Nemelex Xobeh
Okawaru
Qazlal
Ru
Sif Muna
Trog
Uskayaw
Vehumet
Wu Jian
Xom
Yredelemnul
Zin
The Shining One

Shops:
D:7 [

Annotations:
D:6 1 runed translucent door


Innate Abilities, Weirdness & Mutations

You are small and have problems with some larger weapons.
You are completely attuned to the shadows.
Your life essence is reduced to manifest your ancestor. (-10% HP)


Message History

The hippogriff closely misses you. The hippogriff pecks you.
The hippogriff barely misses you.
You hit the hippogriff.
The hippogriff is severely wounded.
Ayize hits the hippogriff but does no damage.
The hippogriff bites you.
* * * LOW HITPOINT WARNING * * *
The hippogriff misses you. The hippogriff barely misses you.
You completely miss the hippogriff.
The hippogriff is severely wounded.
Ayize hits the hippogriff with a +0 dagger of draining.
The hippogriff barely misses you. x2; The hippogriff claws you!
* * * LOW HITPOINT WARNING * * *
You hit the hippogriff.
The hippogriff is severely wounded.
Ayize barely misses the hippogriff.
You barely miss the hippogriff.
The hippogriff is severely wounded.
The hippogriff bites you!
You die...

#..#######.##
#..#..R....#
#..######
#....#
#..#.######
............
.#.....=####
#..#.#RH..#
#..#.#@##.#
#.#.....#
.......
...≈≈≈.
....≈≈≈.


You could see the friendly Ayize the hexer and a hippogriff.

Vanquished Creatures
  A manticore (D:8)
  Edmund (D:4)
  A phantom (D:4)
  4 ogres
  2 centaurs (D:6)
  3 bullfrogs
  3 scorpions
  2 wyvern skeletons
  A bullfrog zombie (D:5)
  A bullfrog skeleton (D:4)
  3 hounds
  A jelly (D:8)
  An orc priest (D:6)
  A centaur skeleton (D:4)
  3 orc wizards
  Crazy Yiuf (D:4)
  Terence (D:3)
  6 worker ants
  2 hound skeletons
  2 gnolls (D:5)
  A worker ant zombie (D:7)
  14 adders
  A howler monkey skeleton (D:6)
  6 river rats (Sewer)
  An ufetubus (D:6)
  3 oozes
  2 adder skeletons
  2 adder zombies
  A dart slug (D:1)
  A leopard gecko (D:6)
  11 orcs
  A bat (D:3)
  3 giant cockroaches
  4 goblins
  7 hobgoblins
  7 jackals
  2 kobolds (D:2)
  2 quokkas
  12 ball pythons
  A frilled lizard (Sewer)
  A jackal skeleton (D:4)
  23 rats
  A butterfly (D:6)
147 creatures vanquished.

Vanquished Creatures (collateral kills)
  A two-headed ogre (D:8)
  An orc warrior (D:7)
  An ogre (D:5)
  2 scorpions
  4 orc wizards
  An orc priest (D:5)
  4 worker ants (D:6)
  A gnoll (D:5)
  A shadow imp (D:5)
  2 orcs (D:6)
  A giant cockroach (D:6)
  A jackal (D:8)
  A quokka (D:6)
  A quokka skeleton (D:5)
  A butterfly (D:6)
23 creatures vanquished.

Grand Total: 170 creatures vanquished

Notes
Turn   | Place    | Note
-------+----------+-------------------------------------------
     0 | D:1      | Lanoc the Kobold Brigand began the quest for the Orb.
     0 | D:1      | Reached XP level 1. HP: 12/12 MP: 1/1
   177 | D:1      | Reached XP level 2. HP: 17/18 MP: 2/2
   270 | D:2      | Reached skill level 6 in Stealth
   270 | D:2      | Reached XP level 3. HP: 22/22 MP: 3/3
   281 | D:2      | Reached XP level 4. HP: 23/27 MP: 4/4
   416 | D:3      | HP: 1/27 [orc/+0 dagger (6)]
   847 | D:3      | Noticed Terence
   874 | D:3      | Killed Terence
   986 | D:3      | Reached XP level 5. HP: 15/32 MP: 5/5
  1211 | D:3      | Reached skill level 7 in Stealth
  1672 | D:4      | Noticed Edmund
  1695 | D:4      | Killed Edmund
  1695 | D:4      | Reached skill level 8 in Stealth
  1695 | D:4      | Reached XP level 6. HP: 8/38 MP: 6/6
  1838 | D:4      | Noticed a phantom
  1911 | D:4      | Found a hazy altar of Hepliaklqana.
  1980 | D:4      | Reached XP level 7. HP: 7/43 MP: 7/7
  1991 | D:4      | Found a glowing drain.
  2099 | Sewer    | Entered a sewer
  2638 | Sewer    | Reached skill level 9 in Stealth
  3218 | Sewer    | Got a smoking brass ring
  3219 | Sewer    | Identified the ring "Aghoxet" {+Inv +Fly rElec rPois MR+}
                  | (You found it in a sewer)
  3908 | D:4      | Became a worshipper of Hepliaklqana the Forgotten
  4061 | D:4      | Reached skill level 5 in Dodging
  4061 | D:4      | Reached skill level 10 in Stealth
  4061 | D:4      | Reached XP level 8. HP: 28/43 MP: 8/8
  4545 | D:4      | Found a runed translucent door.
  4548 | D:4      | Noticed Crazy Yiuf
  4560 | D:4      | Killed Crazy Yiuf
  4560 | D:4      | Reached skill level 5 in Fighting
  4779 | D:5      | Entered Level 5 of the Dungeon
  5311 | D:5      | Reached * piety under Hepliaklqana
  6004 | D:5      | Reached skill level 11 in Stealth
  6567 | D:6      | Reached XP level 9. HP: 49/49 MP: 9/9
  6626 | D:6      | Found a runed translucent door.
  7281 | D:6      | Reached skill level 12 in Stealth
  7405 | D:6      | Found a runed translucent door.
  7749 | D:7      | Found a staircase to the Ecumenical Temple.
  7764 | Temple   | Entered the Ecumenical Temple
  9248 | D:7      | Found Leffuqop's Antique Armour Shop.
  9249 | D:7      | Reached ** piety under Hepliaklqana
  9250 | D:7      | Remembered your ancestor Ayize as a hexer
  9515 | D:8      | Reached skill level 13 in Stealth
  9568 | D:8      | Noticed a manticore
  9572 | D:8      | Killed a manticore
  9572 | D:8      | Reached XP level 10. HP: 56/56 MP: 10/10
  9667 | D:8      | Noticed a two-headed ogre
  9676 | D:8      | Killed a two-headed ogre
  9676 | D:8      | Reached skill level 14 in Stealth
 10194 | D:9      | Slain by a hippogriff

Illustrated notes

Levels and vault maps discovered:
D:1:      lightli_arrival_maybe_door_vault, layout_basic
D:2:      layout_basic, chequers_ecumenical_altar_simple
D:3:      layout_basic, minivault_19, uniq_terence
D:4:      layout_basic, kennysheep_mini, gup_sewer_entry_glass,
          uniq_crazy_yiuf_cottage, uniq_edmund
D:5:      layout_basic, serial_park_tiny_1
D:6:      lemuel_insect_pit, layout_basic
D:7:      layout_basic, minmay_temple_entry_large_hall, serial_shops, shop,
          kennysheep_generic_room_11
D:8:      layout_basic
D:9:      kennysheep_blocky_room, layout_basic, serial_park_tiny_pond
Temple:   minmay_crystal_snake_temple

Skill      XL: |  1  2  3  4  5  6  7  8  9 10 |
---------------+-------------------------------+-----
Dodging        | 2 3 4 5 6 7 8 |  8.5
Stealth        | 6 8 10 11 13 14 | 14.4
Fighting       | 3 4 5 7 8 |  8.0
Short Blades   | |  2.6
Throwing       | |  2.1

Action                   |  1- 3 |  4- 6 |  7- 9 | 10-12 || total
-------------------------+-------+-------+-------+-------++-------
Melee: Dagger            |    39 |   117 |   531 |    31 ||   718
Throw: Dart              |       |    15 |    62 |       ||    77
Invok: Ancestor Life: He |       |       |     1 |       ||     1
  Use: Scroll            |       |     5 |     6 |       ||    11
       Potion            |       |     2 |     7 |       ||     9
 Stab: Sleeping          |     4 |     8 |    29 |     3 ||    44
       Distracted        |       |       |     7 |       ||     7
Armor: Robe              |     6 |    15 |   115 |     1 ||   137
Dodge: Dodged            |    24 |    77 |   639 |    29 ||   769

Table legend: (Time is in decaauts)
 A = Elapsed time spent in this place.
 B = Non-inter-level travel time spent in this place.
 C = Inter-level travel time spent in this place.
 D = Time resting spent in this place.
 E = Time spent auto-exploring this place.
 F = Levels seen in this place.
 G = Mean time per level.
                   A        B        C        D        E       F      G
               +--------+--------+--------+--------+--------+-----+--------+
         Total |  10163 |   9962 |    201 |    214 |   8105 |  11 |  923.9 |
       Dungeon |   7678 |   7512 |    166 |     50 |   6188 |   9 |  853.1 |
        Temple |    689 |    654 |     35 |    113 |    517 |   1 |  689.0 |
         Sewer |   1795 |   1795 |      0 |     51 |   1399 |   1 | 1795.0 |
               +--------+--------+--------+--------+--------+-----+--------+

Top non-repeatable levels by time:
   Sewer: 1795 daAuts
     D:6: 1483 daAuts
     D:5: 1431 daAuts
     D:4: 1391 daAuts
     D:3: 1316 daAuts
     D:7: 1068 daAuts
  Temple: 689 daAuts
     D:8: 611 daAuts
     D:1: 249 daAuts
     D:9: 81 daAuts
     D:2: 45 daAuts
